 Dungeon Crawl Stone Soup version 0.26-a0-249-g7253cd193c (webtiles) character file.

Game seed: 12293106863135949571

54399 jlcercos the Convoker (level 14, -2/70 HPs)
             Began as a Vampire Summoner on July 6, 2020.
             Slain by a shock serpent (12 damage)
             ... on level 4 of the Snake Pit on July 8, 2020.
             The game lasted 03:49:49 (28482 turns).

jlcercos the Convoker (Vampire Summoner)           Turns: 28482, Time: 03:49:50

Health: -2/70      AC: 15    Str:  9      XL:     14   Next: 34%
Magic:  0/50       EV: 14    Int: 28 (29) God:
Gold:   1109       SH:  0    Dex: 17      Spells: 7/41 levels left

rFire    + . .     SeeInvis +   g - staff of summoning
rCold    + + +     Faith    .   (no shield)
rNeg     + + +     Spirit   +   z - +1 steam dragon scales
rPois    ∞         Reflect  .   A - +2 hat {Int+3}
rElec    .         Harm     .   p - scarf {rC+ rF+}
rCorr    .                      O - +3 pair of gloves of Subjectivity {Int+4 Stlth+}
MR       +....                  E - +2 pair of boots {run}
Stlth    +++++++...             C - amulet of guardian spirit
HPRegen  0.00/turn              b - ring of magical power
MPRegen  0.32/turn              K - ring of magical power

@: bloodless, quick
A: no food, fangs 3, horns 1, talons 1, thin skeletal structure 1, see
invisible, strong 1, unbreathing
a: Bat Form, Revivify


You were on level 4 of the Snake Pit.
You were bloodless.

You visited 5 branches of the dungeon, and saw 21 of its levels.

You collected 1783 gold pieces.
You spent 674 gold pieces at shops.

Inventory:

Hand Weapons
 c - a +4 scimitar of flaming
 f - the +4 whip of Hochiymo {freeze, *Rage rC++ rN+}
   (You found it on level 4 of the Dungeon)

   It has been specially enchanted to freeze those struck by it, causing extra
   injury to most foes and up to half again as much damage against particularly
   susceptible opponents.
   It can also slow down cold-blooded creatures.
   It greatly protects you from cold.
   It protects you from negative energy.
   It may make you go berserk in combat.
 B - a +4 vampiric quarterstaff
Missiles
 a - 24 boomerangs (quivered)
Armour
 e - a +3 leather armour
 p - a scarf of resistance (worn)
 z - +1 steam dragon scales (worn)
 A - a +2 hat of intelligence (worn)
 E - a +2 pair of boots of running (worn)
 N - a +1 helmet of intelligence
 O - the +3 pair of gloves of Subjectivity (worn) {Int+4 Stlth+}
   (You found it on level 4 of the Lair of Beasts)

   It affects your intelligence (+4).
   It makes you more stealthy.
 R - the +2 helmet "Xuvuhant" {rN+ Str-3 Dex+2 SInv, unknown}
   (You found it on level 6 of the Lair of Beasts)

   It affects your strength (-3).
   It affects your dexterity (+2).
   It protects you from negative energy.
   It lets you see invisible.
Magical Staves
 g - an uncursed staff of summoning (weapon)
 y - an uncursed staff of wizardry
 J - an uncursed staff of earth
Jewellery
 b - a ring of magical power (left hand)
 j - an uncursed ring of fire
 m - an uncursed ring of flight
 q - an uncursed ring of fire
 u - an uncursed ring of poison resistance
 x - an uncursed amulet of regeneration
 C - an amulet of guardian spirit (around neck)
 K - a ring of magical power (right hand)
 P - a +6 ring of dexterity
 V - a +6 ring of dexterity
 Z - an uncursed ring of fire
Wands
 n - a wand of flame (6)
 v - a wand of acid (7)
 F - a wand of random effects (8)
 G - a wand of polymorph (3)
 H - a wand of clouds (10)
 I - a wand of iceblast (14)
 L - a wand of disintegration (16)
 Q - a wand of digging (5)
 S - a wand of paralysis (10)
Scrolls
 d - 9 scrolls of remove curse
 h - 3 scrolls of identify
 k - 3 scrolls of immolation
 o - 6 scrolls of amnesia
 r - a scroll of blinking
 s - 3 scrolls of fog
 w - 4 scrolls of magic mapping
 D - 7 scrolls of teleportation
 M - 2 scrolls of enchant weapon
 U - a scroll of silence
 Y - a scroll of torment
Potions
 i - a potion of brilliance
 l - 5 potions of might
 t - a potion of invisibility
 X - 3 potions of curing
Miscellaneous
 W - a lightning rod (4/4)


   Skills:
 + Level 1.5 Fighting
   Level 0.3 Short Blades
 + Level 0.2(0.6) Maces & Flails
 + Level 1.0 Staves
 + Level 1.3 Armour
 + Level 4.1 Dodging
 + Level 5.0 Stealth
 + Level 14.1 Spellcasting
 + Level 2.1 Hexes
 * Level 17.4 Summonings
 + Level 0.6 Translocations
 + Level 4.5 Ice Magic
 + Level 3.7 Air Magic
 + Level 1.8 Evocations


You had 7 spell levels left.
You knew the following spells:

 Your Spells              Type           Power        Failure   Level
a - Summon Small Mammal   Summ           ####         0%          1
b - Call Imp              Summ           ########     0%          2
c - Call Canine Familiar  Summ           ########     0%          3
d - Summon Guardian Gole  Hex/Summ       #######.     1%          3
e - Summon Lightning Spi  Summ/Air       #######.     1%          4
f - Summon Ice Beast      Ice/Summ       #######.     1%          4
g - Ignite Poison         Fire/Tmut/Pois ###.....     8%          3
h - Summon Forest         Summ/Tloc      #######...   1%          5
i - Summon Hydra          Summ           ########..   1%          7
j - Corpse Rot            Necr/Air       N/A          1%          2

Your spell library contained the following spells:

 Spells                   Type           Power        Failure   Level
 Stone Arrow              Conj/Erth      ###...       8%          3
 Fireball                 Conj/Fire      ###.......   58%         5
 Eringya's Noxious Bog    Tmut/Pois      ###.......   99%         6
 Hydra Form               Tmut           ###.......   99%         6
 Starburst                Conj/Fire      ###.......   99%         6
 Ring of Flames           Chrm/Fire      ###.......   100%        7
 Ignition                 Fire           ###.......   100%        8


Dungeon Overview and Level Annotations

Branches:
Dungeon (8/15)             Temple (1/1) D:4            Lair (6/6) D:8
  Swamp (0/4) Lair:2        Snake (4/4) Lair:2        Slime (2/5) Lair:5

Altars:
Ashenzari
Cheibriados
Dithmenos
Elyvilon
Fedhas
Gozag
Hepliaklqana
Makhleb
Nemelex Xobeh
Okawaru
Qazlal
Ru
Sif Muna
Trog
Uskayaw
Vehumet
Wu Jian
Xom
Yredelemnul
Zin
The Shining One

Shops:
D:8 *[*[   Snake:2 *[


Innate Abilities, Weirdness & Mutations

You do not eat.
You do not regenerate when monsters are visible.
You are frail without blood (-20% HP).
You can heal yourself when you bite living creatures.
You are immune to poison.
You have razor-sharp teeth.
You have supernaturally acute eyesight. (SInv)
You can survive without breathing.
You have a pair of small horns on your head.
You have sharp toenails.
You have a somewhat thin skeletal structure. (Dex +2, Stealth)
((You tend to lose your temper in combat.))
Your muscles are strong. (Str +2)


Message History

The shock serpent shocks you!
* * * LOW HITPOINT WARNING * * *
Your four-headed hydra closely misses the shock serpent. x4
As you read the scroll of fear, it crumbles to dust.
You assume a fearsome visage.
The shock serpent looks frightened!
Your lightning spire is unaffected.
Your ice beast hits the shock serpent.
Your ice beast freezes the shock serpent!
The shock serpent's electric aura discharges, shocking your ice beast!
The shock serpent completely misses your ice beast.
Your four-headed hydra bites the shock serpent!
Your four-headed hydra's attack snaps the shock serpent out of its fear.
The shock serpent's electric aura discharges, shocking your four-headed hydra!
Your four-headed hydra bites the shock serpent!
The shock serpent's electric aura discharges, shocking your four-headed hydra!
Your four-headed hydra closely misses the shock serpent. x2
You hit the shock serpent.
The shock serpent is almost dead.
The shock serpent bites you!
You die...

... ... ...
####.###
#......
#8##.###
#......#
#.@.<# ##S..#
#..S.YD.......
#...##########
♣... ♣.. #..
##


You could see a shock serpent, a friendly four-headed hydra (summoned), a
friendly ice beast (summoned) and a friendly lightning spire (summoned).

Vanquished Creatures
  A death yak (Lair:3)
  2 blink frogs
  2 slime creatures (Lair:5)
  A naga (Snake:2)
  A porcupine (Lair:1)
  A phantom (D:4)
  2 iguanas
  Natasha (thrice) (D:4)
  A worker ant (D:4)
  A worker ant zombie (D:6)
  A white imp (D:5)
  A dart slug (D:1)
  2 leopard geckos (D:4)
  An orc (D:5)
  5 giant cockroaches
  4 goblins
  3 hobgoblins
  A jackal (D:1)
  3 bats
  3 frilled lizards
  3 kobolds
  2 rats
44 creatures vanquished.

Vanquished Creatures (collateral kills)
  Jorgrun (Snake:2)
  4 acid blobs
  Gastronok (D:8)
  4 nagarajas
  The ghost of tilp the Unseen, an adept SpEn of Dithmenos (Snake:2)
  A fire dragon (Lair:6)
  2 great orbs of eyes
  Harold (D:7)
  10 naga warriors
  7 hydras
  A catoblepas (Lair:6)
  4 anacondas
  A two-headed ogre (D:8)
  2 death yaks (Lair:3)
  6 naga sharpshooters
  5 shock serpents
  Nergalle (Lair:3)
  Sonja (Lair:3)
  A salamander mystic (Snake:3)
  2 sea snakes (Snake:2)
  3 naga ritualists
  A lindwurm (Lair:6)
  An obsidian statue (Snake:2)
  The ghost of Wiebster667 the Digger, a novice DrEE of Vehumet (D:6)
  11 mana vipers
  6 salamanders
  An oklob plant (Lair:6)
  16 black mambas
  10 elephants
  15 naga magi
  Joseph (Lair:1)
  3 guardian serpents
  2 molten gargoyles (Lair:6)
  Maggie (D:6)
  An eye of devastation (Slime:1)
  A rime drake (Lair:3)
  7 cane toads
  9 komodo dragons
  3 polar bears
  A hornet (D:8)
  7 hippogriffs
  Prince Ribbit (D:7)
  18 blink frogs
  20 slime creatures
  A bog body (Lair:2)
  Sigmund (D:6)
  Eustachio (D:6)
  39 yaks
  A human (D:8)
  3 wyverns (Lair:6)
  4 hogs (D:8)
  A nameless horror (Snake:3)
  4 golden eyes
  Grum (D:8)
  3 basilisks
  2 steam dragons (Lair:6)
  Menkaure (D:6)
  25 nagas
  4 hell hounds (Lair:6)
  13 water moccasins
  Duvessa (D:6)
  7 porcupines
  2 eyes of draining (Slime:2)
  An ogre (D:4)
  A phantom (D:4)
  12 wolves
  4 centaurs
  4 crocodiles
  10 bullfrogs
  Blork the orc (D:6)
  A wyvern zombie (D:8)
  Dowan (D:6)
  3 scorpions
  3 howler monkeys (D:8)
  3 electric eels
  4 lava snakes (Lair:6)
  6 hounds
  3 jellies (Lair:5)
  Crazy Yiuf (D:7)
  3 orc priests
  6 orc wizards
  A bullfrog skeleton (D:5)
  2 centaur skeletons
  An iguana (D:6)
  6 worker ants
  A worker ant zombie (D:6)
  4 adders
  2 shadow imps
  A white imp (D:5)
  2 ufetubi
  An ooze (D:1)
  3 worms
  2 dart slugs (D:1)
  7 leopard geckos
  17 orcs
  A giant cockroach (D:3)
  3 goblins (D:1)
  5 hobgoblins
  11 jackals
  2 quokkas
  A ball python (D:1)
  4 bats
  3 frilled lizards
  6 kobolds
  A leopard gecko zombie (D:8)
  A quokka skeleton (D:4)
  4 rats
  A bush (Lair:6)
  A butterfly (Lair:1)
  6 fungi
  4 plants (Snake:2)
481 creatures vanquished.

Vanquished Creatures (others)
  A yak (Lair:6)
  A basilisk (Lair:6)
  A water moccasin (Snake:3)
  A bullfrog (Lair:1)
  8 fungi
  15 plants
  3 snaplasher vines
30 creatures vanquished.

Grand Total: 555 creatures vanquished

Notes
Turn   | Place    | Note
-------+----------+-------------------------------------------
     0 | D:1      | jlcercos the Vampire Summoner began the quest for the Orb.
     0 | D:1      | Reached XP level 1. HP: 13/13 MP: 3/3
   478 | D:1      | Reached XP level 2. HP: 18/19 MP: 0/5
  1052 | D:1      | Reached XP level 3. HP: 24/24 MP: 7/7
  1056 | D:1      | Learned a level 2 spell: Call Imp
  1060 | D:1      | Learned a level 3 spell: Call Canine Familiar
  1544 | D:2      | Found a faded altar of an unknown god.
  2816 | D:3      | Reached XP level 4. HP: 30/30 MP: 8/8
  3182 | D:3      | Found an opulent altar of Gozag.
  3185 | D:3      | Found an ornate altar of the Wu Jian Council.
  3185 | D:3      | Found a shimmering altar of Xom.
  3197 | D:3      | Found a sacrificial altar of Ru.
  3197 | D:3      | Found a glowing golden altar of the Shining One.
  3197 | D:3      | Found an iron altar of Okawaru.
  3399 | D:4      | Noticed a phantom
  3522 | D:4      | Reached skill level 5 in Summonings
  3546 | D:4      | Killed a phantom
  3546 | D:4      | Reached XP level 5. HP: 19/35 MP: 3/10
  3804 | D:4      | Noticed an ogre
  3813 | D:4      | Killed an ogre
  3984 | D:4      | Reached skill level 1 in Armour
  4048 | D:4      | Learned a level 3 spell: Summon Guardian Golem
  4086 | D:4      | Noticed Natasha
  4093 | D:4      | Killed Natasha
  4139 | D:4      | Reached XP level 6. HP: 38/41 MP: 11/11
  4155 | D:4      | Got a glimmering whip
  4156 | D:4      | Identified the +4 whip of Hochiymo {freeze, *Rage rC++ rN+}
                  | (You found it on level 4 of the Dungeon)
  4250 | D:4      | Noticed Natasha
  4257 | D:4      | Killed Natasha
  4316 | D:4      | Found a staircase to the Ecumenical Temple.
  4325 | Temple   | Entered the Ecumenical Temple
  4649 | D:4      | Noticed Natasha
  4658 | D:4      | Killed Natasha
  4819 | D:4      | Found a glowing silver altar of Zin.
  5129 | D:5      | Entered Level 5 of the Dungeon
  5342 | D:5      | Reached skill level 6 in Summonings
  5432 | D:5      | Found a shadowy altar of Dithmenos.
  5568 | D:5      | Learned a level 4 spell: Summon Lightning Spire
  5633 | D:5      | Found a sparkling altar of Nemelex Xobeh.
  5712 | D:5      | Found a sparkling altar of Nemelex Xobeh.
  5804 | D:5      | Found a shattered altar of Ashenzari.
  5809 | D:5      | Found an iron altar of Okawaru.
  6095 | D:5      | Found a blossoming altar of Fedhas.
  6389 | D:6      | Noticed Eustachio
  6408 | D:6      | Killed Eustachio
  6408 | D:6      | Reached skill level 5 in Spellcasting
  6408 | D:6      | Reached XP level 7. HP: 46/46 MP: 4/14
  6539 | D:6      | Noticed Maggie
  6603 | D:6      | HP: 1/46 [Maggie/+2 scimitar of flaming (3)]
  6607 | D:6      | Killed Maggie
  6777 | D:6      | Identified 2 scrolls of acquirement
  6851 | D:6      | Noticed Duvessa
  6851 | D:6      | Noticed Dowan
  6857 | D:6      | Killed Duvessa
  6863 | D:6      | Killed Dowan
  6885 | D:6      | Learned a level 4 spell: Summon Ice Beast
  6982 | D:6      | Noticed Sigmund
  6990 | D:6      | Killed Sigmund
  7016 | D:6      | Noticed Menkaure
  7019 | D:6      | Killed Menkaure
  7019 | D:6      | Reached XP level 8. HP: 53/53 MP: 17/17
  7040 | D:6      | Reached skill level 7 in Summonings
  7166 | D:6      | Noticed Blork the orc
  7173 | D:6      | Killed Blork the orc
  7317 | D:6      | Found a sparkling altar of Nemelex Xobeh.
  7401 | D:6      | Found a runed translucent door.
  7401 | D:6      | Noticed Wiebster667's ghost (novice DrEE)
  7430 | D:6      | Killed Wiebster667's ghost
  7563 | D:7      | Noticed Prince Ribbit
  7611 | D:7      | Killed Prince Ribbit
  7884 | D:7      | Noticed Harold
  7899 | D:7      | Killed Harold
  7899 | D:7      | Reached skill level 8 in Summonings
  8010 | D:7      | Found an ornate altar of the Wu Jian Council.
  8214 | D:7      | Reached XP level 9. HP: 58/58 MP: 20/20
  8294 | D:7      | Found a snail-covered altar of Cheibriados.
  8510 | D:7      | Found a runed translucent door.
  8513 | D:7      | Noticed Crazy Yiuf
  8531 | D:7      | Killed Crazy Yiuf
  8888 | D:8      | Found Siapt's Antique Armour Shoppe.
  9007 | D:8      | Found a staircase to the Lair.
  9018 | D:8      | Found a hide-covered altar of Uskayaw.
  9019 | D:8      | Found a sacrificial altar of Ru.
  9214 | D:8      | Reached skill level 1 in Hexes
  9326 | D:8      | Noticed Gastronok
  9344 | D:8      | Killed Gastronok
  9344 | D:8      | Reached skill level 9 in Summonings
  9682 | D:8      | Noticed Grum
  9753 | D:8      | Killed Grum
  9801 | D:8      | Noticed a two-headed ogre
  9811 | D:8      | Killed a two-headed ogre
  9811 | D:8      | Reached XP level 10. HP: 59/64 MP: 9/23
  9817 | D:8      | Gained mutation: You passively map a small area around you.
                  | [potion of mutation]
  9817 | D:8      | Gained mutation: You are frail. (-10% HP) [potion of
                  | mutation]
  9817 | D:8      | Gained mutation: Your system is resistant to poisons.
                  | (rPois) [potion of mutation]
  9817 | D:8      | Gained mutation: You have a pair of small horns on your
                  | head. [potion of mutation]
 10030 | D:8      | Found Xuamne's Assorted Antiques.
 10044 | D:8      | Bought 2 bubbling white potions for 46 gold pieces
 10044 | D:8      | Bought a tiny fluorescent amulet for 130 gold pieces
 10072 | D:8      | Found Joapsi's Armour Shoppe.
 10075 | D:8      | Bought a +2 pair of boots of running for 498 gold pieces
 10246 | D:8      | Found Muozufua's Assorted Antiques.
 10643 | Lair:1   | Entered Level 1 of the Lair of Beasts
 10664 | Lair:1   | Reached skill level 10 in Summonings
 10730 | Lair:1   | Noticed a black mamba
 10743 | Lair:1   | Killed a black mamba
 10743 | Lair:1   | Reached skill level 10 in Spellcasting
 10843 | Lair:1   | Noticed an eight-headed hydra
 10857 | Lair:1   | Killed an eight-headed hydra
 11147 | Lair:1   | Noticed Joseph
 11157 | Lair:1   | Noticed a cane toad
 11168 | Lair:1   | Killed a cane toad
 11176 | Lair:1   | Killed Joseph
 11299 | Lair:1   | Noticed a cane toad
 11311 | Lair:1   | Killed a cane toad
 11335 | Lair:1   | Reached skill level 11 in Summonings
 11541 | Lair:1   | Reached skill level 1 in Air Magic
 12321 | Lair:2   | Reached XP level 11. HP: 62/62 MP: 11/26
 12711 | Lair:2   | Reached skill level 1 in Ice Magic
 12861 | Lair:2   | Found a staircase to the Snake Pit.
 12930 | Lair:2   | Lost mutation: Your system is resistant to poisons. (rPois)
                  | [potion of mutation]
 12930 | Lair:2   | Lost mutation: You are frail. (-10% HP) [potion of
                  | mutation]
 12930 | Lair:2   | Lost mutation: You passively map a small area around you.
                  | [potion of mutation]
 12930 | Lair:2   | Gained mutation: You have sharp toenails. [potion of
                  | mutation]
 12930 | Lair:2   | Gained mutation: You tend to lose your temper in combat.
                  | [potion of mutation]
 12930 | Lair:2   | Gained mutation: Your muscles are strong. (Str +2) [potion
                  | of mutation]
 12930 | Lair:2   | Gained mutation: You have a somewhat thin skeletal
                  | structure. (Dex +2, Stealth) [potion of mutation]
 12989 | Lair:2   | Found a staircase to the Swamp.
 13225 | Lair:2   | Noticed a six-headed hydra
 13237 | Lair:2   | Killed a six-headed hydra
 13648 | Lair:2   | Upgraded the game from 0.26-a0-224-g2964c8cf50 to
                  | 0.26-a0-228-g29f007ebfe
 13687 | Lair:3   | Noticed a death yak
 13691 | Lair:3   | Noticed a death yak
 13693 | Lair:3   | Noticed a death yak
 13719 | Lair:3   | Killed a death yak
 13719 | Lair:3   | Reached skill level 12 in Summonings
 13722 | Lair:3   | Killed a death yak
 13728 | Lair:3   | Killed a death yak
 13728 | Lair:3   | Reached skill level 1 in Evocations
 13937 | Lair:3   | Noticed Nergalle
 13953 | Lair:3   | Killed Nergalle
 14183 | Lair:3   | Noticed Sonja
 14425 | Lair:3   | Killed Sonja
 14489 | Lair:3   | Reached skill level 13 in Summonings
 16385 | Lair:4   | Got a pair of spiked gloves
 16674 | Lair:4   | Noticed a seven-headed hydra
 16684 | Lair:4   | Killed a seven-headed hydra
 16684 | Lair:4   | Reached XP level 12. HP: 60/60 MP: 16/28
 16878 | Lair:4   | Identified the +3 pair of gloves of Subjectivity {Int+4
                  | Stlth+} (You found it on level 4 of the Lair of Beasts)
 17052 | Lair:5   | Noticed a seven-headed hydra
 17063 | Lair:5   | Killed a seven-headed hydra
 17063 | Lair:5   | Reached skill level 5 in Stealth
 17293 | Lair:5   | Found a staircase to the Slime Pits.
 17588 | Lair:5   | Learned a level 3 spell: Ignite Poison
 17989 | Lair:6   | Entered Level 6 of the Lair of Beasts
 18212 | Lair:6   | Noticed a catoblepas
 18212 | Lair:6   | Noticed a five-headed hydra
 18221 | Lair:6   | Killed a catoblepas
 18222 | Lair:6   | Killed a five-headed hydra
 18349 | Lair:6   | Reached skill level 14 in Summonings
 18439 | Lair:6   | Got a scorched helmet
 18785 | Lair:6   | Found a shattered altar of Ashenzari.
 19026 | Lair:6   | Got a spiked leather armour
 19027 | Lair:6   | Identified the +2 leather armour of Thoughtfulness {Harm
                  | rC- Str-3 Dex+10} (You found it on level 6 of the Lair of
                  | Beasts)
 19486 | Lair:6   | Noticed a fire dragon
 19554 | Lair:6   | Noticed a five-headed hydra
 19561 | Lair:6   | Killed a five-headed hydra
 19647 | Lair:6   | Noticed a seven-headed hydra
 19654 | Lair:6   | Killed a seven-headed hydra
 19700 | Lair:6   | Found a large runed translucent door.
 19701 | Lair:6   | Found a large runed translucent door.
 19724 | Lair:6   | Killed a fire dragon
 19724 | Lair:6   | Reached skill level 15 in Summonings
 20536 | Slime:1  | Entered Level 1 of the Pits of Slime
 20544 | Slime:1  | Noticed a great orb of eyes
 20547 | Slime:1  | Noticed an acid blob
 20552 | Slime:1  | Killed a great orb of eyes
 20556 | Slime:1  | Killed an acid blob
 21292 | Slime:1  | Reached XP level 13. HP: 50/64 MP: 21/29
 21519 | Slime:2  | Noticed an acid blob
 21522 | Slime:2  | Noticed an acid blob
 21527 | Slime:2  | Killed an acid blob
 21530 | Slime:2  | Killed an acid blob
 21546 | Slime:2  | Noticed an acid blob
 21552 | Slime:2  | Killed an acid blob
 21552 | Slime:2  | Reached skill level 1 in Staves
 21792 | Slime:2  | Noticed an acid blob
 22161 | Snake:1  | Entered Level 1 of the Snake Pit
 22194 | Snake:1  | Reached skill level 1 in Fighting
 22822 | Snake:1  | Reached skill level 16 in Summonings
 23171 | Snake:1  | Learned a level 5 spell: Summon Forest
 23179 | Snake:1  | Learned a level 7 spell: Summon Hydra
 23182 | Snake:1  | Learned a level 2 spell: Corpse Rot
 24354 | Snake:2  | Noticed a nagaraja
 24364 | Snake:2  | Killed a nagaraja
 24559 | Snake:2  | Found Teid's Armour Shoppe.
 24716 | Snake:2  | Noticed a nagaraja
 24733 | Snake:2  | Killed a nagaraja
 24933 | Snake:2  | Noticed Jorgrun
 24968 | Snake:2  | Killed Jorgrun
 25463 | Snake:2  | Reached XP level 14. HP: 64/70 MP: 29/31
 25695 | Snake:2  | Reached skill level 17 in Summonings
 25806 | Snake:2  | Found a runed translucent gate.
 25806 | Snake:2  | Found a runed translucent gate.
 25806 | Snake:2  | Found a runed translucent gate.
 25806 | Snake:2  | Found an opulent altar of Gozag.
 25807 | Snake:2  | Noticed tilp's ghost (adept SpEn)
 25809 | Snake:2  | Found Bodog's Assorted Antiques.
 26027 | Snake:2  | Killed tilp's ghost
 26870 | Snake:2  | Upgraded the game from 0.26-a0-228-g29f007ebfe to
                  | 0.26-a0-249-g7253cd193c
 27265 | Snake:3  | Noticed a nagaraja
 27272 | Snake:3  | Killed a nagaraja
 28051 | Snake:3  | Noticed a nagaraja
 28060 | Snake:3  | Killed a nagaraja
 28445 | Snake:4  | Entered Level 4 of the Snake Pit
 28482 | Snake:4  | Slain by a shock serpent

Illustrated notes

Levels and vault maps discovered:
D:1:      dpeg_arrival_pond, layout_basic, chequers_serial_rivers_small_a
D:2:      layout_basic, first_ration, chequers_ecumenical_altar_island
D:3:      layout_basic, doesnt_xom_only_xom, kennysheep_minor_cross
D:4:      layout_rooms, zin_academy, minmay_temple_entry_statues_pillars,
          minmay_unequal, uniq_natasha
D:5:      layout_gridville, overflow_temple_1_default,
          nicolae_dithmenos_through_a_glass_darkly,
          nemelex_xobeh_ov_fountains_minmay, ashenzari_altar_1, basic_altar,
          nemelex_diamond_rough_becter
D:6:      layout_cave_pools, gammafunk_ghost_grave, nemelex_lonely_heart_becter,
          uniq_sigmund, uniq_duvessa, uniq_eustachio, uniq_menkaure,
          uniq_blork_the_orc, uniq_maggie
D:7:      layout_basic, kennysheep_mini, basic_altar, uniq_prince_ribbit1,
          uniq_crazy_yiuf_cottage, uniq_harold
D:8:      layout_loops_ring, grunt_temple_overflow_open, lair_entry_dummy,
          serial_shops, shop, shop_coins, shop, shop, grunt_livestock,
          uniq_grum, uniq_gastronok
Temple:   minmay_temple_curvy_loop
Lair:1:   layout_roguey, nicolae_quartered_pool_super, lemuel_fruit_fields,
          grunt_megastairs_1, uniq_joseph
Lair:2:   layout_gridlike, skrybe_swamp_entry_bodies,
          guppyfry_snake_entry_island, serial_forest,
          infiniplex_forest_clump_curved, infiniplex_forest_lined_3_way,
          infiniplex_forest_clump_diagonal, infiniplex_forest_lined_room_3
Lair:3:   layout_chaotic_city, grunt_megastairs_5, uniq_nergalle, uniq_sonja
Lair:4:   layout_loops_ring, infiniplex_staircase_pool
Lair:5:   layout_big_grid, minmay_slime_entry_pillars
Lair:6:   cheibrodos_lair_end_hotspot, layout_regular_city, basic_altar,
          grunt_forest_small_clearings, minmay_lair_oklob_bushes, st_stairs_7,
          serial_bayou_crossing, lemuel_fruit_tree
Snake:1:  layout_onion
Snake:2:  layout_onion_interference, ebering_ghost_gozag, serial_shops,
          nicolae_shop_crystal, serial_bayou_shore_a, serial_bayou_shore_b,
          uniq_jorgrun
Snake:3:  cheibrodos_forgotten_conduit, layout_honeycomb
Snake:4:  snake_pit_salamanders_mu, layout_basic,
          nrook_guardian_serpent_ordinary
Slime:1:  layout_caves
Slime:2:  layout_caves, cheibrodos_slime_lost_civilization_4

Skill      XL: |  1  2  3  4  5  6  7  8  9 10 11 12 13 14 |
---------------+-------------------------------------------+-----
Spellcasting   | 3 5 6 7 9 11 12 13 14 | 14.1
Summonings     | 5 6 8 9 11 13 15 16 17 | 17.4
Armour         | 1 |  1.3
Stealth        | 4 5 |  5.0
Hexes          | 1 2 |  2.1
Dodging        | 3 4 |  4.1
Air Magic      | 1 2 3 |  3.7
Ice Magic      | 1 3 4 |  4.5
Evocations     | 1 |  1.8
Staves         | 1 |  1.0
Fighting       | 1 |  1.5
Short Blades   | |  0.3
Maces & Flails | |  0.2
Translocations | |  0.6

Action                   |  1- 3 |  4- 6 |  7- 9 | 10-12 | 13-15 || total
-------------------------+-------+-------+-------+-------+-------++-------
Melee: Club              |    20 |       |       |       |       ||    20
       Unarmed           |     1 |       |       |       |       ||     1
       Dagger            |   115 |    78 |       |       |       ||   193
       Bite              |     5 |     7 |     3 |    13 |     3 ||    31
       Whip              |       |    45 |    11 |       |       ||    56
       Staff             |       |       |    19 |    88 |    28 ||   135
       Headbutt          |       |       |       |    22 |     5 ||    27
 Cast: Summon Small Mamm |    76 |    49 |    38 |    25 |     4 ||   192
       Call Imp          |    32 |    75 |   113 |   262 |   141 ||   623
       Call Canine Famil |     1 |    27 |    31 |    87 |    50 ||   196
       Summon Guardian G |       |     1 |    13 |    15 |     7 ||    36
       Summon Lightning  |       |       |       |    83 |    53 ||   136
       Summon Ice Beast  |       |       |       |    93 |    67 ||   160
       Summon Hydra      |       |       |       |       |    41 ||    41
       Summon Forest     |       |       |       |       |    16 ||    16
       Corpse Rot        |       |       |       |       |     2 ||     2
 Abil: Exsanguinate      |       |       |       |     1 |       ||     1
Evoke: Wand              |       |       |     1 |    25 |     6 ||    32
  Use: Scroll            |     7 |     3 |    10 |    13 |     8 ||    41
       Potion            |     2 |     4 |     4 |    11 |    15 ||    36
 Stab: Sleeping          |     2 |     2 |       |       |       ||     4
       Distracted        |       |     4 |     1 |     5 |     1 ||    11
Armor: Robe              |    14 |       |       |       |       ||    14
       Leather armour    |    30 |    36 |     5 |       |       ||    71
       Steam dragon scal |       |       |     5 |    54 |    38 ||    97
Dodge: Dodged            |   104 |    51 |    45 |    98 |    73 ||   371

Table legend:
 A = Non-vault XP
 B = Vault XP
 C = Vault XP percentage of total XP
 D = Non-vault monster count
 E = Vault monster count
 F = Vault count percentage of total count
                 A         B        C        D         E       F
            +---------+---------+-------+---------+---------+-------
      Total |   59527 |   18187 |  23.4 |     428 |      88 |  17.1
            +---------+---------+-------+---------+---------+-------
        D:1 |      48 |       0 |   0.0 |      32 |       0 |   0.0
        D:2 |      33 |       0 |   0.0 |      16 |       0 |   0.0
        D:3 |      33 |       0 |   0.0 |      20 |       0 |   0.0
        D:4 |     370 |      46 |  11.1 |      23 |       4 |  14.8
        D:5 |     145 |       0 |   0.0 |      16 |       0 |   0.0
        D:6 |     344 |    1026 |  74.9 |      18 |       8 |  30.8
        D:7 |     163 |     689 |  80.9 |      12 |       3 |  20.0
        D:8 |    1057 |    2000 |  65.4 |      20 |      10 |  33.3
     Lair:1 |    3343 |     896 |  21.1 |      32 |       5 |  13.5
     Lair:2 |    2322 |     282 |  10.8 |      18 |       3 |  14.3
     Lair:3 |    7299 |    1215 |  14.3 |      40 |       5 |  11.1
     Lair:4 |    1012 |       0 |   0.0 |       8 |       0 |   0.0
     Lair:5 |    2853 |     197 |   6.5 |      18 |       4 |  18.2
     Lair:6 |    4633 |    4683 |  50.3 |      29 |      27 |  48.2
    Snake:1 |    9413 |       0 |   0.0 |      35 |       0 |   0.0
    Snake:2 |   12983 |    4893 |  27.4 |      50 |       9 |  15.3
    Snake:3 |    4228 |    2260 |  34.8 |      11 |      10 |  47.6
    Snake:4 |     430 |       0 |   0.0 |       1 |       0 |   0.0
    Slime:1 |    3972 |       0 |   0.0 |      19 |       0 |   0.0
    Slime:2 |    4846 |       0 |   0.0 |      10 |       0 |   0.0
            +---------+---------+-------+---------+---------+-------
